 Dungeon Crawl Stone Soup version 0.31-a0-700-gf13585253f (webtiles) character file.

Game seed: 5233489904460678845

54 qw the Shooter (level 3, -3/23 HPs)
             Began as a Gargoyle Hunter on Sept 7, 2023.
             Slain by a goblin
             ... wielding a +0 club
             ... led by Robin
              (6 damage)
             ... on level 2 of the Dungeon.
             The game lasted 00:00:24 (950 turns).

qw the Shooter (Gargoyle Hunter)                     Turns: 950, Time: 00:00:24

Health: -3/23      AC:  6    Str: 14    XL:     3   Next: 91%
Magic:  3/3        EV: 11    Int:  9    God:
Gold:   76         SH:  0    Dex: 15    Spells: 2/2 levels left

rFire   . . .        Y - +0 shortbow
rCold   . . .        (shield currently unavailable)
rNeg    + . .        c - +0 leather armour
rPois   inf          (no helmet)
rElec   +            (no cloak)
rCorr   .            (no gloves)
SInv    .            (no boots)
Will    .....        (no amulet)
Stlth   ++           (no ring)
HPRegen 0.23/turn    (no ring)
MPRegen 0.08/turn

%: no passive effects
@: no status effects
A: sickness immunity, AC +3, negative energy resistance 1, electricity
resistance, torment resistance 1, petrification resistance
a: no special abilities


You were on level 2 of the Dungeon.
You visited 1 branch of the dungeon, and saw 2 of its levels.

You collected 76 gold pieces.


Innate Abilities, Weirdness & Mutations

You are immune to sickness and miasma.
Your stone body is resilient. (AC +3)
You are immune to poison.
You resist negative energy. (rN+)
You are resistant to electric shocks. (rElec)
You are resistant to unholy torment.
You are immune to petrification.


   Skills:
 - Level 3.0 Fighting
 + Level 5.0 Ranged Weapons
 - Level 1.5 Dodging
 - Level 1.1 Stealth


You had 2 spell levels left.
You didn't know any spells.
Your spell library was empty.

Inventory:

Hand Weapons
 Y - a +0 shortbow (weapon)
Armour
 b - a +0 pair of gloves
 c - a +0 leather armour (worn)
Potions
 a - a potion of ambrosia {unknown}
 d - a potion of degeneration {unknown}
 e - a potion of lignification {unknown}

Dungeon Overview and Level Annotations

Branches:
Dungeon (2/15)

Altars:

Annotations:
D:2 Robin


Message History

You kill the hobgoblin!
The goblin unwields a +0 club.
The goblin wields a +0 sling.
The goblin shoots a sling bullet.
The sling bullet hits you. Robin throws the goblin at you!
You shoot an arrow. The arrow closely misses the goblin.
An adder comes into view.
The goblin hits you with a +1 dagger of freezing.
The goblin freezes you. The hobgoblin closely misses you.
Robin barely misses you.
You shoot an arrow. The arrow hits the goblin.
The goblin is moderately wounded.
The hobgoblin hits you. The goblin misses you.
A goblin comes into view. It is wielding a +0 dagger.
Robin hits you but does no damage. The goblin hits you but does no damage.
You shoot an arrow. The arrow closely misses the goblin.
The goblin barely misses you. The hobgoblin hits you. Robin closely misses you.
The goblin hits you but does no damage.
You shoot an arrow. The arrow hits the goblin.
The goblin is severely wounded.
The goblin closely misses you. Robin throws the goblin at you!
The goblin unwields a +0 sling.
The goblin wields a +0 club.
The goblin barely misses you. x2; The goblin hits you with a +0 club.
Robin says, "My goblins will feast on your bones."
Robin roars a battlecry!
The goblin goes into a battle-frenzy!
The hobgoblin hits you.
You shoot an arrow. The arrow hits the goblin!
You kill the goblin!
The goblin barely misses you. Robin hits you but does no damage.
The hobgoblin hits you but does no damage.
You shoot an arrow. The arrow hits the hobgoblin!
You kill the hobgoblin!
The goblin barely misses you. The goblin closely misses you.
Robin throws the goblin at you! The goblin hits you but does no damage.
The goblin barely misses you.
You shoot an arrow. The arrow hits the goblin.
You kill the goblin!
Robin hits you from afar with a +0 spear.
The goblin hits you with a +0 club.
You die...

#..> #.?.####
#.%..... .##......
....?...!
#.##..gSg#
......ggg###.# ...
.....# #@)..<# ..#
#.##.# #)##### #.#
#.##.# #.#
###.###.##.# #.#
........##.# #.#
>.###.###%##.# #.#
......?...##.###.#
#####...#..(%....#
......#.####.#####


You could see Robin, an adder and 4 goblins.

Vanquished Creatures
  A worm (D:2)
  A dart slug (D:1)
  6 ball pythons
  3 endoplasms (D:1)
  7 goblins
  5 hobgoblins
  7 kobolds (D:1)
  3 quokkas (D:1)
  4 bats (D:1)
  5 frilled lizards
  2 rats (D:1)
44 creatures vanquished.

Notes
Turn   | Place    | Note
-------+----------+-------------------------------------------
     0 | D:1      | qw the Gargoyle Hunter began the quest for the Orb.
     0 | D:1      | Reached XP level 1. HP: 12/12 MP: 1/1
     0 | D:1      | 0 ||| qw: Version: 0.3-a-76-g4403597
     0 | D:1      | 0 ||| qw: Game counter: 646
     0 | D:1      | 0 ||| qw: Melee chars always use a shield: true
     0 | D:1      | 0 ||| qw: God list: Okawaru
     0 | D:1      | 0 ||| qw: Allow faded altars: false
     0 | D:1      | 0 ||| qw: Do Orc after clearing Dungeon:15 true
     0 | D:1      | 0 ||| qw: Do second Lair branch before Depths: true
     0 | D:1      | 0 ||| qw: Lair rune preference: random
     0 | D:1      | 0 ||| qw: Goals: Normal
     0 | D:1      | 0 ||| PLANNING D:1-11
    27 | D:1      | Reached XP level 2. HP: 17/17 MP: 2/2
    99 | D:1      | 99 ||| READING scroll labelled UWAMEA TUHUAJ.
   100 | D:1      | 100 ||| DROPPING scroll of butterflies.
   195 | D:1      | Reached XP level 3. HP: 21/21 MP: 3/3
   301 | D:1      | Reached skill level 5 in Ranged Weapons
   756 | D:1      | 756 ||| DROPPING ring of wizardry.
   757 | D:1      | 757 ||| READING scroll labelled ZEHYD EQAPT.
   758 | D:1      | 758 ||| READING scroll labelled ENLELIGAWO.
   936 | D:2      | Noticed Robin
   943 | D:2      | Reached skill level 3 in Fighting
   947 | D:2      | HP: 5/23 [hobgoblin[Robin] (3)]
   950 | D:2      | Slain by a goblin

Levels and vault maps discovered:
D:1:      lightli_arrival_maybe_door_vault, layout_basic,
          minmay_misc_feat_rugged, minmay_strange_pillars, amethyst_killhole
D:2:      layout_loops_ring, hellmonk_ecumenical_altar_inner_sanctum,
          minmay_pentomino_u4, uniq_robin

Skill      XL: |  1  2  3 |
---------------+----------+-----
Ranged Weapons | 5 |  5.0
Fighting       | 3 |  3.0
Dodging        | |  1.5
Stealth        | |  1.1

Action                     || total
---------------------------++-------
   Fire: Shortbow          ||    89
    Use: Scroll            ||     3
 Armour: Leather armour    ||    23
  Dodge: Dodged            ||    20

Table legend:
 A = Non-vault XP
 B = Vault XP
 C = Vault XP percentage of total XP
 D = Non-vault monster count
 E = Vault monster count
 F = Vault count percentage of total count
                 A         B        C        D         E       F
            +---------+---------+-------+---------+---------+-------
      Total |      68 |      11 |  13.9 |      38 |       6 |  13.6
            +---------+---------+-------+---------+---------+-------
        D:1 |      60 |       0 |   0.0 |      35 |       0 |   0.0
        D:2 |       8 |      11 |  57.9 |       3 |       6 |  66.7
            +---------+---------+-------+---------+---------+-------
